 Dungeon Crawl Stone Soup version 0.31.0-11-ge490571c62 (webtiles) character file.

Game seed: 10814054242309164705

13693 bobo the Fighter (level 11, 0/105 HPs)
             Began as a Red Draconian Shapeshifter on Feb 11, 2024.
             Was an Initiate of Gozag.
             Slain by an eight-headed hydra (11 damage)
             ... on level 2 of the Lair of Beasts.
             The game lasted 00:32:24 (11588 turns).

bobo the Fighter (Red Draconian Shapeshifter)      Turns: 11588, Time: 00:32:25

Health: 0/105      AC: 10    Str: 21    XL:     11   Next: 78%
Magic:  11/11      EV: 12    Int: 10    God:    Gozag
Gold:   3045       SH:  0    Dex: 11    Spells: 10/10 levels left

rFire   + +          .
                       - Unarmed
rCold   + . .        (no shield)
rNeg    . . .        (body armour unavailable)
rPois   .            (helmet restricted)
rElec   .            s - scarf {rC+ rF+}
rCorr   .            v - +0 pair of gloves
SInv    .            q - +1 pair of boots
Will    .....        (no amulet)
Stlth   +            (no ring)
HPRegen 0.37/turn    (no ring)
MPRegen 0.12/turn

%: no passive effects
@: about to teleport, maw-form
A: devouring maw, breathe fire, AC +7, unfitting armour, fire resistance 1,
cold-blooded
a: Breathe Fire, Begin Untransformation, Renounce Religion, Potion Petition,
Call Merchant, Bribe Branch


You were on level 2 of the Lair of Beasts.
You worshipped Gozag.
Gozag was most pleased with you.
You were a creature with a mouth for a stomach.
You visited 3 branches of the dungeon, and saw 11 of its levels.
You also visited: Sewer.

You collected 3884 gold pieces.
You spent 234 gold pieces at shops.
You paid 605 gold pieces to Gozag.

Inventory:

Armour
 q - a +1 pair of boots (worn)
 s - a scarf of resistance (worn)
 v - a +0 pair of gloves (worn)
Talismans
 n - a maw talisman (active)
Wands
 c - a wand of mindburst (5)
 p - a wand of flame (4)
 A - a wand of iceblast (2)
 B - a wand of acid (2)
Scrolls
 h - 2 scrolls of revelation
 j - a scroll of teleportation
 m - a scroll of noise {unknown}
 o - a scroll of brand weapon {unknown}
 t - a scroll of fog {unknown}
 u - 2 scrolls of poison {unknown}
 y - a scroll of butterflies {unknown}
 D - a scroll of blinking {unknown}
Potions
 a - a potion of ambrosia {unknown}
 b - a potion of berserk rage {unknown}
 d - 5 potions of heal wounds
 e - 3 potions of might
 f - 4 potions of curing
 g - a potion of magic {unknown}
 i - a potion of attraction {unknown}
 l - 3 potions of mutation
 r - 2 potions of haste
 w - a potion of cancellation
 z - 2 potions of brilliance {unknown}
 C - 2 potions of lignification


   Skills:
 + Level 12.3 Fighting
 - Level 3.0 Dodging
 + Level 11.5 Unarmed Combat
 + Level 10.2 Shapeshifting


You had 10 spell levels left.
You didn't know any spells.
Your spell library contained the following spells:

 Spells                   Type           Power      Damage    Failure   Level
 Kiss of Death            Conj/Necr      0%         2d5       36%         1
 Lesser Beckoning         Tloc           0%         N/A       50%         2
 Confusing Touch          Hex            0%         N/A       75%         3
 Gell's Gravitas          Tloc           0%         N/A       75%         3
 Inner Flame              Hex/Fire       0%         N/A       75%         3
 Stone Arrow              Conj/Erth      0%         3d7       75%         3
 Teleport Other           Tloc           0%         N/A       75%         3
 Dispel Undead            Necr           0%         3d6       98%         4
 Flame Wave               Conj/Fire      0%         2d4       98%         4
 Sticky Flame             Fire/Alch      0%         2d4       98%         4
 Vhi's Electric Charge    Tloc/Air       0%         N/A       98%         4
 Arcjolt                  Conj/Air       0%         1d10      100%        5
 Irradiate                Conj/Alch      0%         3d11      100%        5
 Ignition                 Fire           0%         3d3       100%        8
 Lehudib's Crystal Spear  Conj/Erth      0%         10d2      100%        8
 Maxwell's Capacitive Co  Air            0%         ∞         100%        8
 Animate Armour           Summ/Erth      Unusable   N/A       N/A         4

Dungeon Overview and Level Annotations

Branches:
Dungeon (8/15)             Temple (1/1) D:5            Lair (2/5) D:8
  Snake (0/4) Lair:2        Sewer (visited)
  Swamp: Lair:2-3    Shoals: Lair:2-3

Altars:
Ashenzari
Cheibriados
Dithmenos
Elyvilon
Fedhas
Gozag
Hepliaklqana
Kikubaaqudgha
Makhleb
Okawaru
Qazlal
Ru
Sif Muna
Trog
Uskayaw
Vehumet
Wu Jian
Xom
Yredelemnul
Zin
The Shining One

Shops:
D:6 (   Lair:1 !

Annotations:
D:8 Erica


Innate Abilities, Weirdness & Mutations

You are a creature with a mouth for a stomach.
Your midsection houses a second, enormous mouth.
You can breathe blasts of fire.
Your fiery red scales are hard. (AC +7)
You cannot fit into any form of body armour.
Your flesh is heat resistant. (rF+)
You are cold-blooded and may be slowed by cold attacks.


Message History

2 lava snakes come into view.
The lava snake hisses angrily.
The lava snake hisses angrily.
You punch the eight-headed hydra! You bite the eight-headed hydra.
The eight-headed hydra is moderately wounded.
The eight-headed hydra bites you but does no damage.
The eight-headed hydra bites you.
The eight-headed hydra barely misses you.
The eight-headed hydra bites you.
The eight-headed hydra barely misses you. x2
The eight-headed hydra bites you. The eight-headed hydra bites you!
As you read the scroll of teleportation, it crumbles to dust.
You feel strangely unstable.
The salamander hits you from afar with a +0 glaive!
You are engulfed in flames.
You resist.
The eight-headed hydra bites you but does no damage.
The eight-headed hydra barely misses you.
The eight-headed hydra bites you. The eight-headed hydra misses you.
The eight-headed hydra bites you! The eight-headed hydra bites you. x2
The eight-headed hydra closely misses you.
You punch the eight-headed hydra! You bite the eight-headed hydra.
The eight-headed hydra is heavily wounded.
The salamander hits you from afar with a +0 glaive!
* * * LOW HITPOINT WARNING * * *
You are engulfed in flames.
You resist.
* * * LOW HITPOINT WARNING * * *
You barely miss the eight-headed hydra. You bite the eight-headed hydra!
The eight-headed hydra is severely wounded.
The eight-headed hydra bites you.
* * * LOW HITPOINT WARNING * * *
The eight-headed hydra bites you.
* * * LOW HITPOINT WARNING * * *
The eight-headed hydra completely misses you.
The eight-headed hydra bites you but does no damage.
The eight-headed hydra bites you!
* * * LOW HITPOINT WARNING * * *
The eight-headed hydra barely misses you.
The eight-headed hydra bites you!
You die...
Your body crumbles into a pile of gold.

....... .....# .....##
## ..... §≈≈≈ :...#
§≈≈S###...##
§..§..#....# #
.§...NDW..# #. ##
...≈S.#...## .[ #.
§§≈≈S##...P# #. ##.
≈§≈###.....### ####.##.P
#####......#.#.#..#.....
#......<..............
#.PP.##...####. #P..#.
#.### #.### #...# #= #.#
#...#


You could see an eight-headed hydra, a salamander (corroded) and 3 lava snakes.

Vanquished Creatures
  5 death yaks (Lair:1)
  A black mamba (Lair:1)
  3 cane toads
  A torpor snail (Lair:1)
  2 rime drakes
  2 komodo dragons (Lair:1)
  Jeremiah (D:6)
  A troll (D:7)
  5 blink frogs (Lair:1)
  8 yaks
  2 basilisks
  Menkaure (D:6)
  3 water moccasins (Lair:2)
  2 acid dragons
  An orc warrior (D:8)
  6 ice beasts
  A black bear (D:4)
  An ogre (D:6)
  2 centaurs
  16 wolves
  A phantom (D:5)
  5 kobold brigands
  A brain worm (Sewer)
  A gnoll sergeant (D:7)
  2 bullfrogs (Lair:1)
  3 scorpions
  9 wights
  5 killer bees (D:7)
  A jelly (D:7)
  4 orc priests
  Crazy Yiuf (D:6)
  A gnoll bouda (D:6)
  8 orc wizards
  5 iguanas
  2 sleepcaps (D:5)
  Ijyb (D:4)
  Natasha (twice) (D:3)
  Robin (D:3)
  3 gnolls (D:7)
  13 adders
  2 river rats (Sewer)
  A shadow imp (D:5)
  2 white imps
  2 ufetubi (D:6)
  2 dart slugs
  6 ribbon worms
  30 orcs
  5 bats
  10 endoplasms
  4 giant cockroaches
  18 goblins
  9 hobgoblins
  3 jackals (D:3)
  11 quokkas
  9 ball pythons
  6 frilled lizards
  12 kobolds
  3 rats
268 creatures vanquished.

Notes
Turn   | Place    | Note
-------+----------+-------------------------------------------
     0 | D:1      | bobo the Draconian Shapeshifter began the quest for the
                  | Orb.
     0 | D:1      | Reached XP level 1. HP: 16/16 MP: 1/1
   208 | D:1      | Reached XP level 2. HP: 17/23 MP: 2/2
   854 | D:2      | Reached XP level 3. HP: 15/29 MP: 3/3
  1032 | D:2      | Reached skill level 2 in Fighting
  1433 | D:3      | Noticed Natasha
  1437 | D:3      | Reached XP level 4. HP: 37/37 MP: 4/4
  1448 | D:3      | Killed Natasha
  1452 | D:3      | Identified the ring of Oplar {rF+ Int+4 Slay-4}
  1697 | D:3      | Noticed Robin
  1795 | D:3      | You fall into a shaft and drop 1 floor!
  2288 | D:4      | Reached XP level 5. HP: 17/44 MP: 5/5
  2538 | D:4      | Reached skill level 3 in Fighting
  2665 | D:4      | Noticed a black bear
  2782 | D:3      | Noticed Natasha
  2935 | D:3      | Killed Natasha
  2995 | D:3      | Killed Robin
  3285 | D:4      | Noticed Ijyb
  3308 | D:4      | Killed Ijyb
  3309 | D:4      | Reached XP level 6. HP: 34/51 MP: 6/6
  3445 | D:5      | Entered Level 5 of the Dungeon
  3652 | D:5      | Reached skill level 4 in Fighting
  3827 | D:5      | Found a staircase to the Ecumenical Temple.
  3827 | D:5      | Noticed an ice beast
  3832 | D:5      | Killed an ice beast
  3833 | D:5      | Reached skill level 5 in Unarmed Combat
  3833 | D:5      | Your scales start taking on a fiery red colour.
  3833 | D:5      | Reached XP level 7. HP: 60/60 MP: 7/7
  3833 | D:5      | Gained mutation: Your flesh is heat resistant. (rF+) [Red
                  | Draconian growth]
  3845 | Temple   | Entered the Ecumenical Temple
  3876 | Temple   | Became a worshipper of Gozag Ym Sagoz the Greedy
  4414 | D:5      | Reached skill level 5 in Fighting
  4414 | D:5      | Reached skill level 5 in Shapeshifting
  4921 | D:6      | Found a glowing drain.
  4942 | Sewer    | Entered a sewer
  5077 | Sewer    | Reached XP level 8. HP: 70/70 MP: 8/8
  5267 | Sewer    | Reached skill level 6 in Fighting
  5777 | D:6      | Noticed Menkaure
  5785 | D:6      | Killed Menkaure
  5954 | D:6      | Found Dutulays's Weapon Emporium.
  5959 | D:6      | Noticed Jeremiah
  5982 | D:6      | Killed Jeremiah
  5987 | D:6      | Reached skill level 7 in Fighting
  6494 | D:6      | Reached XP level 9. HP: 67/79 MP: 9/9
  6980 | D:6      | Found a runed translucent door.
  6981 | D:6      | Noticed Crazy Yiuf
  6986 | D:6      | Killed Crazy Yiuf
  7193 | D:7      | Noticed a troll
  7203 | D:7      | Killed a troll
  7204 | D:7      | Reached skill level 8 in Fighting
  7394 | D:7      | Found an ornate altar of the Wu Jian Council.
  7466 | D:7      | Identified the +3 sling of Entrepreneurial Spirit {speed,
                  | rCorr}
  8553 | D:7      | Reached skill level 9 in Fighting
  9096 | D:8      | Reached XP level 10. HP: 70/91 MP: 10/10
  9306 | D:8      | Found a staircase to the Lair.
  9460 | D:8      | Noticed a two-headed ogre
  9461 | D:8      | Noticed Erica
  9470 | Lair:1   | Entered Level 1 of the Lair of Beasts
  9553 | Lair:1   | Noticed a torpor snail
  9561 | Lair:1   | Killed a torpor snail
  9562 | Lair:1   | Reached skill level 10 in Fighting
  9756 | Lair:1   | Noticed a cane toad
  9763 | Lair:1   | Killed a cane toad
  9777 | Lair:1   | Reached skill level 10 in Unarmed Combat
  9947 | Lair:1   | Noticed a death yak
  9971 | Lair:1   | Killed a death yak
  9972 | Lair:1   | Reached XP level 11. HP: 85/101 MP: 11/11
 10005 | Lair:1   | Noticed a death yak
 10012 | Lair:1   | Noticed a death yak
 10013 | Lair:1   | Noticed a death yak
 10014 | Lair:1   | Killed a death yak
 10015 | Lair:1   | Reached skill level 11 in Fighting
 10017 | Lair:1   | Noticed a death yak
 10024 | Lair:1   | Killed a death yak
 10030 | Lair:1   | Killed a death yak
 10032 | Lair:1   | Killed a death yak
 10157 | Lair:1   | Reached skill level 10 in Shapeshifting
 10716 | Lair:1   | Reached skill level 12 in Fighting
 11169 | Lair:1   | Bought a potion of heal wounds for 90 gold pieces
 11169 | Lair:1   | Bought a potion of cancellation for 144 gold pieces
 11173 | Lair:2   | Identified 2 scrolls of acquirement
 11173 | Lair:2   | Acquired 983 gold pieces
 11184 | Lair:2   | Acquired 1109 gold pieces
 11582 | Lair:2   | Found a staircase to the Snake Pit.
 11582 | Lair:2   | Noticed an eight-headed hydra
 11588 | Lair:2   | Slain by an eight-headed hydra

Illustrated notes

Levels and vault maps discovered:
D:1:      eino_arrival_cavern_d, layout_basic,
          wander_ebering_terrifying_dragon_lair
D:2:      layout_rooms
D:3:      kennysheep_goblin_castle, layout_loops_ring, uniq_natasha
D:4:      layout_basic, uniq_ijyb
D:5:      layout_loops_ring, temple_fountains
D:6:      layout_loops_ring, portal_sewer_entry_f, serial_shops,
          nicolae_shop_bloodbath_and_beyond, st_stairs_10, uniq_jeremiah,
          uniq_crazy_yiuf_cottage, uniq_menkaure
D:7:      layout_basic, mainiacjoe_overflow_cross_hatched,
          chequers_serial_rivers_large_b, serial_bayou_pond_e
D:8:      layout_cave_pools, hellmonk_lair_entry_icy, grunt_ogre_cave,
          blue_anna_alchemist, uniq_erica
Temple:   mainiacjoe_temple_big_plus
Lair:1:   layout_roguey, chequers_serial_rivers_micro_b, st_stairs_4,
          grunt_megastairs_4
Lair:2:   layout_chaotic_city, nicolae_snake_entry_warm_welcome,
          beast_lair_carwin_9, infiniplex_staircase_pool

Skill      XL: |  1  2  3  4  5  6  7  8  9 10 11 |
---------------+----------------------------------+-----
Dodging        | 2 3 |  3.0
Fighting       | 2 3 4 5 7 9 10 12 | 12.3
Unarmed Combat | 4 5 7 8 10 11 | 11.5
Shapeshifting  | 4 5 6 8 9 10 | 10.2

Action                     |  1- 3 |  4- 6 |  7- 9 | 10-12 || total
---------------------------+-------+-------+-------+-------++-------
  Melee: Unarmed           |   104 |   195 |   321 |   270 ||   890
         Tailslap          |    12 |    17 |    40 |    41 ||   110
         Punch             |     1 |     4 |     5 |     3 ||    13
         Maw               |       |       |       |    27 ||    27
 Invoke: Call Merchant     |       |       |       |     1 ||     1
Ability: Breathe Fire      |       |       |    28 |    15 ||    43
  Evoke: Wand              |       |     5 |    18 |    10 ||    33
    Use: Scroll            |       |     7 |     6 |     5 ||    18
         Potion            |       |     1 |     3 |     2 ||     6
   Stab: Sleeping          |     2 |       |       |       ||     2
         Distracted        |       |       |       |     1 ||     1
 Armour: Skin              |    44 |   103 |   165 |   151 ||   463
  Dodge: Dodged            |    55 |    73 |   205 |   154 ||   487
   Form: Flux              |       |       |     1 |       ||     1
         Maw               |       |       |       |     1 ||     1
